 Dungeon Crawl Stone Soup version 0.29.1-2-gbd0b4ee654 (webtiles) character file.

Game seed: 13740205697871525405

320105 wingedge the Merfolkian Blade (level 21, -8/173 HPs)
             Began as a Merfolk Arcane Marksman on Oct 30, 2022.
             Was a High Priest of Okawaru.
             Mangled by a deep troll (11 damage)
             ... led by an ironbound preserver
             ... while paralysed by a great orb of eyes
             ... on level 4 of the Vaults on Oct 31, 2022.
             The game lasted 04:11:30 (48595 turns).

wingedge the Merfolkian Blade (MfAM)               Turns: 48595, Time: 04:11:30

Health: -8/173     AC: 23    Str: 11    XL:     21   Next: 49%
Magic:  20/34      EV:  2    Int: 19    God:    Okawaru [*****.]
Gold:   1247       SH:  0    Dex: 34    Spells: 11/38 levels left

rFire   . . .      SeeInvis .   a - +3 triple sword (flame)
rCold   . . .      Faith    .   (shield currently unavailable)
rNeg    . . .      Spirit   .   P - +6 acid dragon scales
rPois   +          Reflect  .   i - +1 hat "Lurin" {Drain rPois Int+3 Dex+2}
rElec   .          Harm     .   G - scarf {repulsion}
rCorr   +          Rampage  .   m - +2 pair of gloves {Dex+3}
Will    ++...                   x - +0 pair of boots of the Heavens {Dex+2}
Stlth   ++++......              V - amulet of regeneration
HPRegen 1.18/turn               j - +6 ring of dexterity
MPRegen 0.24/turn               O - ring of willpower

@: paralysed, heroic, marked, very slightly contaminated, repel missiles
A: (nimble swimmer 2), mertail, iridescent scales 1
}: 2/15 runes: decaying, serpentine
a: Renounce Religion, Heroism, Finesse, Duel


You were on level 4 of the Vaults.
You worshipped Okawaru.
Okawaru was extremely pleased with you.
You visited 7 branches of the dungeon, and saw 35 of its levels.
You also visited: Sewer and Volcano.

You collected 3777 gold pieces.
You spent 2530 gold pieces at shops.

Inventory:

Hand Weapons
 a - a +3 triple sword of flaming (weapon)
 b - the +6 Majin-Bo {vamp, MP+6 Int+6}
   (You found it on level 5 of the Lair of Beasts)

   It heals its wielder for a portion of the damage dealt when they wound a
   living foe with it or with a spell.
   Its wielder's spells cost health as well as magical power.
   Int:       It affects your intelligence (+6).
   MP:        It affects your magic capacity (+6).
 f - the +8 longbow "Haczod" {vorpal, Fly Dex+2}
   (Okawaru gifted it to you on level 2 of the Lair of Beasts)

   Any ammunition fired from it inflicts extra damage upon your enemies.
   Dex:       It affects your dexterity (+2).
   Fly:       It grants you flight.
 h - a +2 great sword of holy wrath
 T - a +3 great sword of draining
Missiles
 q - 17 boomerangs of dispersal
 z - 5 silver boomerangs
 N - 13 javelins (quivered)
Armour
 i - the +1 hat "Lurin" (worn) {Drain rPois Int+3 Dex+2}
   (Okawaru gifted it to you on level 4 of the Swamp)

   Int:       It affects your intelligence (+3).
   Dex:       It affects your dexterity (+2).
   rPois:     It protects you from poison.
   Drain:     It drains your maximum health when unequipped.
 m - a +2 pair of gloves of dexterity (worn)
 x - the +0 pair of boots of the Heavens (worn) {Dex+2}
   (Okawaru gifted it to you on level 3 of the Vaults)

   Dex:       It affects your dexterity (+2).
 B - a +1 pair of boots of flying
 E - the +2 ring mail of the Thirteen Spines {Fly rElec rN+ Int-2}
   (You bought it in a shop on level 2 of the Orcish Mines)

   Int:       It affects your intelligence (-2).
   rElec:     It insulates you from electricity.
   rN:        It protects you from negative energy.
   Fly:       It grants you flight.
 G - a scarf of repulsion (worn)
 P - +6 acid dragon scales (worn)
Jewellery
 e - the ring of Happiness {+Blink rElec rC++ AC+4 Dex-5}
   (You found it on level 4 of the Vaults)

   [ring of protection]

   AC:        It affects your AC (+4).
   Dex:       It affects your dexterity (-5).
   rC:        It greatly protects you from cold.
   rElec:     It insulates you from electricity.
   +Blink:    It lets you blink.
 j - a +6 ring of dexterity (left hand)
 w - a +4 ring of slaying
 K - a ring of protection from fire
 O - a ring of willpower (right hand)
 Q - a ring of positive energy
 U - a ring of protection from cold
 V - an amulet of regeneration (around neck)
 X - a ring of willpower
Wands
 p - a wand of quicksilver (18)
 L - a wand of roots (36)
 Z - a wand of mindburst (6)
Scrolls
 k - 2 scrolls of acquirement
 n - 8 scrolls of fog
 r - 11 scrolls of teleportation
 s - 4 scrolls of fear
 C - 9 scrolls of blinking
 F - 4 scrolls of poison
 J - 6 scrolls of magic mapping
 R - a scroll of torment
 S - 5 scrolls of amnesia
Potions
 c - 4 potions of brilliance
 d - 4 potions of haste
 g - 11 potions of curing
 l - 3 potions of berserk rage
 o - 2 potions of resistance
 t - 6 potions of magic
 u - 5 potions of ambrosia
 y - 6 potions of invisibility
 D - 3 potions of might
 H - 6 potions of attraction
 I - 9 potions of mutation
 M - 7 potions of cancellation
 W - 8 potions of heal wounds
Miscellaneous
 v - a phial of floods
 A - a tin of tremorstones (2/2)
 Y - a condenser vane


   Skills:
 + Level 16.9(21.9) Fighting
 + Level 22.0(27) Long Blades
 - Level 3.0(8.0) Ranged Weapons
 - Level 7.0(12.0) Throwing
 - Level 8.0(13.0) Armour
 + Level 17.7(22.7) Dodging
 - Level 9.0 Spellcasting
 - Level 5.0 Conjurations
 - Level 10.0 Hexes
 - Level 4.0 Necromancy
 - Level 2.0 Translocations
 - Level 17.0 Transmutations
 - Level 6.0 Air Magic
 - Level 4.0 Poison Magic
 - Level 8.0 Invocations
 - Level 8.0 Evocations


You had 11 spell levels left.
You knew the following spells:

 Your Spells              Type           Power      Damage    Failure   Level
b - Sublimation of Blood  Necr           23%        N/A       3%          2
c - Irradiate             Conj/Tmut      25%        3d20      3%          5
d - Apportation           Tloc           32%        N/A       4%          1
e - Silence               Hex/Air        19%        N/A       12%         5
f - Cause Fear            Hex            23%        N/A       1%          4
g - Alistair's Intoxicat  Tmut/Pois      32%        N/A       4%          5
h - Yara's Violent Unrav  Hex/Tmut       28%        3d12      1%          5

Your spell library contained the following spells:

 Spells                   Type           Power      Damage    Failure   Level
 Magic Dart               Conj           100%       1d8       1%          1
 Shock                    Conj/Air       100%       1d9       1%          1
 Slow                     Hex            100%       N/A       1%          1
 Passwall                 Tmut/Erth      33%        N/A       1%          2
 Dazzling Flash           Conj/Hex       74%        N/A       1%          3
 Ignite Poison            Fire/Tmut/Pois 35%        N/A       1%          3
 Portal Projectile        Hex/Tloc       62%        N/A       2%          3
 Swiftness                Air            31%        N/A       2%          3
 Petrify                  Tmut/Erth      40%        N/A       3%          4
 Inner Flame              Hex/Fire       27%        N/A       4%          3
 Mephitic Cloud           Conj/Pois/Air  27%        N/A       4%          3
 Airstrike                Air            15%        2d(3-19)  10%         4
 Sandblast                Erth           16%        2d6       11%         1
 Conjure Flame            Conj/Fire      18%        6-21      12%         3
 Stone Arrow              Conj/Erth      36%        3d9       12%         3
 Gell's Gravitas          Tloc           16%        N/A       14%         3
 Teleport Other           Tloc           16%        N/A       14%         3
 Leda's Liquefaction      Hex/Erth       13%        N/A       14%         4
 Eringya's Noxious Bog    Tmut/Pois      24%        N/A       22%         6
 Iskenderun's Mystic Bla  Conj/Tloc      21%        2d6       26%         4
 Ozocubu's Armour         Ice            8%         N/A       32%         3
 Sticky Flame             Conj/Fire      18%        2d4       36%         4
 Iskenderun's Battlesphe  Conj           27%        2d8       36%         5
 Metabolic Englaciation   Hex/Ice        13%        N/A       36%         5
 Passage of Golubria      Tloc           16%        N/A       43%         4
 Statue Form              Tmut/Erth      26%        N/A       45%         6
 Freezing Cloud           Conj/Ice/Air   11%        6-21      56%         5
 Borgnjor's Vile Clutch   Necr/Erth      8%         N/A       80%         5
 Lee's Rapid Deconstruct  Erth           4%         3d6*      97%         5
 Iron Shot                Conj/Erth      9%         9d3       99%         6
 Starburst                Conj/Fire      9%         6d5       99%         6
 Dispersal                Tloc           8%         N/A       100%        6
 Ozocubu's Refrigeration  Ice            4%         4d8       100%        7
 Lehudib's Crystal Spear  Conj/Erth      9%         10d4      100%        8
 Shatter                  Erth           4%         3d7*      100%        9
 Call Imp                 Summ           Unusable   N/A       N/A         2
 Call Canine Familiar     Summ           Unusable   N/A       N/A         3
 Animate Armour           Summ/Erth      Unusable   N/A       N/A         4
 Summon Forest            Summ/Tloc      Unusable   N/A       N/A         5
 Simulacrum               Ice/Necr       Unusable   N/A       N/A         6
 Spellforged Servitor     Conj/Summ      Unusable   N/A       N/A         7
 Summon Hydra             Summ           Unusable   N/A       N/A         7

Dungeon Overview and Level Annotations

Branches:
Dungeon (15/15)            Temple (1/1) D:7            Lair (5/5) D:8
  Swamp (4/4) Lair:2        Snake (4/4) Lair:2        Slime (0/5) Lair:4
    Orc (2/2) D:10            Elf (0/3) Orc:2        Vaults (4/5) D:13
  Crypt (0/3) Vaults:2     Depths (0/4) D:15          Sewer (visited)
Volcano (visited)

Altars:
Ashenzari
Cheibriados
Dithmenos
Elyvilon
Fedhas
Gozag
Hepliaklqana
Kikubaaqudgha
Makhleb
Nemelex Xobeh
Okawaru
Qazlal
Ru
Sif Muna
Trog
Uskayaw
Vehumet
Wu Jian
Xom
Yredelemnul
Zin
The Shining One
Jiyva

Shops:
D:1 (   D:5 *   Orc:2 [?[[   Snake:1 [[*   Snake:3 :(*(*   Vaults:2 [:
Vaults:3 *

Portals:
Trove: D:14 (give 2 scrolls of acquirement)

Annotations:
Lair:1 3 runed translucent doors, mdk's ghost, journeyman MiMo


Innate Abilities, Weirdness & Mutations

((You are very nimble when in or above water. (Stealth+, EV+, Speed+++)))
Your lower body shifts to a powerful aquatic tail in water.
You are partially covered in iridescent scales. (AC +2)


Message History

The deep troll claws you!
The deep troll claws you but does no damage.
A wizard comes into view. It is wielding a +0 dagger.
The ironbound preserver mumbles some strange words.
The ironbound preserver begins to accept its allies' injuries.
The yaktaur shoots a bolt.
The bolt is repelled.
The bolt hits the ironbound preserver!!
The vault sentinel gestures at you while chanting.
The mark upon you grows brighter.
The great orb of eyes bites you but does no damage.
The deep troll barely misses you.
The deep troll claws you but does no damage. x2
The ironbound preserver hits you but does no damage.
The vault sentinel hits you but does no damage.
The great orb of eyes bites you but does no damage.
The deep troll bites you. The deep troll claws you.
The deep troll claws you but does no damage.
The ironbound preserver hits you with a +0 flail!
* * * LOW HITPOINT WARNING * * *
The yaktaur unwields a +0 arbalest.
The yaktaur hits you but does no damage.
The vault sentinel blows a loud note on a signal horn!
The great orb of eyes bites you.
* * * LOW HITPOINT WARNING * * *
The deep troll bites you!
* * * LOW HITPOINT WARNING * * *
The deep troll claws you but does no damage.
The deep troll claws you!
* * * LOW HITPOINT WARNING * * *
The ironbound preserver hits you with a +0 flail!
* * * LOW HITPOINT WARNING * * *
The yaktaur hits you!
* * * LOW HITPOINT WARNING * * *
The vault sentinel hits you with a +0 long sword.
* * * LOW HITPOINT WARNING * * *
The great orb of eyes gazes at you. You resist with almost no effort.
The deep troll bites you but does no damage.
The deep troll claws you!
You die...

. #.#......................#. .>
.u#......................+.
..###u########...............#.
#....#......#...............#.
#....#......#...............#.
#p#...u#......#...............#.
.......pT.....#...............#.
########..9...#cG.............#.
#......#@T.............#.
#......#pp.............##
#......up................
########.................
.........................
.........................
#########################


You could see an ironbound preserver, a red very ugly thing, a great orb of eyes
(sheltered), a deep troll (sheltered), a vault sentinel (sheltered, catching
breath), a yaktaur (sheltered) and a wizard (sheltered).

Vanquished Creatures
  A dread lich (Vaults:2)
  Mara (Vaults:2)
  Boris (Vaults:4)
  Xtahua (Vaults:2)
  Jorgrun (D:14)
  Asterion (Snake:1)
  Frances (D:13)
  5 sphinxes
  A thorn hunter (Swamp:3)
  2 tengu reavers
  A fenstrider witch (Swamp:1)
  Kirke (D:13)
  The ghost of quakins the Warrior, a journeyman TrTm of Okawaru (D:15)
  Donald (Snake:3)
  2 shadow dragons (Vaults:3)
  Roxanne (D:14)
  2 fire giants (D:15)
  7 nagarajas
  8 vault wardens
  2 orc warlords
  A stone giant (D:15)
  8 very ugly things
  7 ironbound preservers
  4 ironbound thunderhulks
  3 war gargoyles
  15 dire elephants
  3 eleionomae
  Azrael (D:13)
  2 entropy weavers (Vaults:3)
  7 bunyips
  Josephine (D:14)
  2 crystal guardians
  A fire dragon (Volcano)
  7 great orbs of eyes
  2 shambling mangroves
  10 yaktaur captains
  An ice dragon (Lair:4)
  6 salamander tyrants
  5 vault guards
  21 hydras
  A boulder beetle (Lair:1)
  An ogre mage (D:15)
  A catoblepas (Lair:2)
  4 ghost crabs
  13 naga warriors
  2 peacekeepers
  9 anacondas
  18 centaur warriors
  9 alligators
  6 two-headed ogres
  10 death yaks (Lair:4)
  16 ironbound frosthearts
  4 shock serpents
  4 tengu warriors
  7 orc high priests (Orc:2)
  8 naga sharpshooters
  4 spectral death yaks (Lair:5)
  11 spriggans
  4 sun demons (Volcano)
  5 skeletal warriors (D:15)
  Amaemon (Lair:3)
  A spectral anaconda (Lair:5)
  7 salamander mystics
  3 goliath frogs
  10 deep trolls
  9 wizards
  A deep troll (shapeshifter) (Vaults:1)
  An obsidian statue (Lair:5)
  4 spriggan druids
  7 swamp dragons
  8 lindwurms
  A phantasmal warrior (Vaults:2)
  11 ironbound convokers
  7 bog bodies
  7 necromancers
  A deep elf archer (D:15)
  7 orc knights
  7 naga ritualists
  An oklob plant (Lair:4)
  3 deep elf pyromancers
  2 wolf spiders
  10 mana vipers
  5 manticores
  A stone giant zombie (Vaults:4)
  3 orc sorcerers
  31 ugly things
  3 will-o-the-wisps
  10 cyclopes
  11 elephants
  31 salamanders
  18 naga magi
  40 black mambas
  20 vault sentinels
  2 torpor snails
  A human zombie (Vaults:4)
  4 guardian serpents
  2 smoke demons (Volcano)
  An unseen horror (D:12)
  2 rime drakes
  11 cane toads
  An orange demon (Lair:3)
  An efreet (D:15)
  12 komodo dragons
  A dire elephant skeleton (Lair:5)
  29 yaktaurs
  2 kobold demonologists (D:12)
  Maggie (D:7)
  2 freezing wraiths
  A tengu conjurer (D:15)
  A human skeleton (Vaults:4)
  A yaktaur skeleton (Vaults:4)
  A queen bee (shapeshifter) (D:12)
  3 polar bears
  7 trolls
  8 hornets
  4 tyrant leeches
  14 blink frogs
  3 spectral elephants (Lair:5)
  Grinder (D:3)
  9 dream sheep
  33 slime creatures
  A snapping turtle (shapeshifter) (Vaults:2)
  A culicivora (shapeshifter) (D:15)
  4 shadows
  7 wraiths
  A shapeshifter (D:15)
  An elf skeleton (Vaults:4)
  3 fire elementals (D:13)
  4 wyverns
  52 yaks
  18 humans (D:13)
  3 basilisks
  7 hogs (D:13)
  Menkaure (D:4)
  3 steam dragons
  8 vampire mosquitoes
  2 spectral cane toads (Lair:5)
  53 nagas
  8 wargs (Orc:2)
  16 swamp worms
  12 water moccasins
  Duvessa (D:4)
  3 acid dragons
  4 hell hounds
  Pargi (Sewer)
  24 orc warriors
  A meliai simulacrum (D:12)
  8 swamp drakes
  3 ice beasts
  A black bear (D:5)
  An elephant zombie (Lair:5)
  5 ogres
  19 centaurs
  24 wolves
  An elephant skeleton (Lair:5)
  A phantom (D:7)
  5 kobold brigands
  13 bullfrogs
  A gnoll sergeant (D:11)
  9 scorpions
  4 necrophages
  14 wights
  Dowan (D:4)
  2 elephant simulacra (Lair:5)
  5 killer bees
  5 electric eels
  6 howler monkeys
  4 hounds
  A jelly (D:7)
  Crazy Yiuf (D:7)
  40 orc priests
  A gnoll bouda (D:8)
  Ijyb (D:4)
  Jessica (D:3)
  24 orc wizards
  Natasha (thrice) (D:2)
  5 iguanas
  12 adders
  8 gnolls
  A shadow imp (D:7)
  A white imp (D:5)
  3 ufetubi
  3 worms
  2 dart slugs
  93 orcs
  3 endoplasms
  7 giant cockroaches
  5 goblins
  7 hobgoblins
  2 jackals (D:1)
  5 quokkas
  11 ball pythons
  4 bats
  9 frilled lizards
  25 kobolds
  11 rats
  A butterfly (D:10)
1386 creatures vanquished.

Vanquished Creatures (others)
  An ugly thing (D:15)
  A black mamba (Snake:3)
  A smoke demon (Volcano)
  2 bloated husks
  A water moccasin (Lair:2)
  2 orcs
  6 foxfires (Swamp:3)
  11 fungi
  51 plants
  10 withered plants (Lair:5)
86 creatures vanquished.

Grand Total: 1472 creatures vanquished

Notes
Turn   | Place    | Note
-------+----------+-------------------------------------------
     0 | D:1      | wingedge the Merfolk Arcane Marksman began the quest for
                  | the Orb.
     0 | D:1      | Reached XP level 1. HP: 15/15 MP: 2/2
   239 | D:1      | Reached XP level 2. HP: 21/21 MP: 1/3
   639 | D:1      | Found Jegryeh's Antique Weapon Shop.
  1201 | D:2      | Reached XP level 3. HP: 26/26 MP: 4/4
  1286 | D:2      | Noticed Natasha
  1310 | D:2      | Killed Natasha
  1311 | D:2      | Reached XP level 4. HP: 25/33 MP: 5/5
  1439 | D:2      | Found a faded altar of an unknown god.
  1617 | D:2      | Noticed Natasha
  1632 | D:2      | Killed Natasha
  1767 | D:2      | Noticed Natasha
  1775 | D:2      | Killed Natasha
  1776 | D:2      | Reached XP level 5. HP: 33/42 MP: 4/6
  2307 | D:3      | Found a glowing drain.
  2326 | Sewer    | Entered a sewer
  2375 | Sewer    | Noticed Pargi
  2419 | Sewer    | Killed Pargi
  2420 | Sewer    | Reached skill level 1 in Evocations
  2420 | Sewer    | Reached XP level 6. HP: 38/48 MP: 7/7
  2660 | D:3      | Noticed Grinder
  2662 | D:3      | Paralysed by Grinder for 5 turns
  2669 | D:3      | Killed Grinder
  2670 | D:3      | Reached skill level 5 in Dodging
  2670 | D:3      | Reached XP level 7. HP: 54/54 MP: 8/8
  2869 | D:3      | Noticed Jessica
  2872 | D:3      | Killed Jessica
  3076 | D:3      | Found an iron altar of Okawaru.
  3249 | D:3      | Became a worshipper of Warmaster Okawaru
  3512 | D:4      | Reached skill level 5 in Fighting
  3512 | D:4      | Reached skill level 1 in Long Blades
  3512 | D:4      | Reached skill level 2 in Long Blades
  3612 | D:4      | Reached skill level 3 in Long Blades
  3794 | D:4      | Reached skill level 4 in Long Blades
  3918 | D:4      | Noticed Duvessa
  3919 | D:4      | Noticed Dowan
  3924 | D:4      | Noticed Ijyb
  3933 | D:4      | Killed Duvessa
  3933 | D:4      | Reached * piety under Okawaru
  3934 | D:4      | Reached skill level 5 in Long Blades
  3934 | D:4      | Reached XP level 8. HP: 26/62 MP: 9/9
  3942 | D:4      | Killed Dowan
  3953 | D:4      | Killed Ijyb
  4017 | D:4      | Identified the +6 mace of the Unspeakable One {vorpal,
                  | Int+4}
  4200 | D:4      | Noticed Menkaure
  4206 | D:4      | Killed Menkaure
  4592 | D:5      | Entered Level 5 of the Dungeon
  4608 | D:4      | Reached skill level 6 in Long Blades
  4608 | D:4      | Reached skill level 1 in Invocations
  4732 | D:5      | Reached ** piety under Okawaru
  4735 | D:5      | Found Loroej's Assorted Antiques.
  4786 | D:5      | Reached skill level 1 in Armour
  4908 | D:5      | Reached XP level 9. HP: 72/72 MP: 10/10
  5264 | D:6      | Found a broken altar of Ashenzari.
  5372 | D:6      | Found a white marble altar of Elyvilon.
  5428 | D:6      | Reached skill level 7 in Long Blades
  5440 | D:6      | Reached *** piety under Okawaru
  5450 | D:6      | Reached skill level 10 in Dodging
  5913 | D:6      | Found a snail-covered altar of Cheibriados.
  5913 | D:6      | Found an ornate altar of the Wu Jian Council.
  6153 | D:7      | Reached XP level 10. HP: 79/79 MP: 8/11
  6160 | D:7      | Reached **** piety under Okawaru
  6179 | D:7      | Found a staircase to the Ecumenical Temple.
  6211 | Temple   | Entered the Ecumenical Temple
  6376 | D:7      | Found an ancient bone altar of Kikubaaqudgha.
  6474 | D:7      | Noticed Maggie
  6494 | D:7      | Killed Maggie
  6568 | D:7      | Reached skill level 8 in Long Blades
  6747 | D:7      | Found a runed translucent door.
  6748 | D:7      | Noticed Crazy Yiuf
  6759 | D:7      | Killed Crazy Yiuf
  7380 | D:7      | Reached skill level 9 in Long Blades
  7616 | D:7      | Reached ***** piety under Okawaru
  7638 | D:7      | Received a gift from Okawaru
  7638 | D:7      | Found the +18 Lear's hauberk
  7813 | D:7      | Reached skill level 10 in Long Blades
  7854 | D:7      | Noticed a cyclops
  7869 | D:7      | Killed a cyclops
  7871 | D:7      | Noticed a purple ugly thing
  7871 | D:7      | Noticed a cyclops
  7897 | D:7      | Killed a brown ugly thing
  7897 | D:7      | Noticed a brown ugly thing
  7910 | D:7      | Killed a brown ugly thing
  7911 | D:7      | Reached XP level 11. HP: 48/86 MP: 5/14
  7918 | D:7      | Killed a cyclops
  7919 | D:7      | Reached skill level 5 in Armour
  8333 | D:8      | Found a radiant altar of Vehumet.
  8715 | D:8      | Found a blossoming altar of Fedhas.
  8887 | D:8      | Found a staircase to the Lair.
  8939 | D:8      | Reached skill level 5 in Invocations
 10006 | D:9      | Found a shimmering altar of Xom.
 10045 | D:9      | Noticed a two-headed ogre
 10055 | D:9      | Killed a two-headed ogre
 10179 | D:9      | Found a runed translucent door.
 10181 | D:9      | Found a runed translucent door.
 10195 | D:9      | Reached skill level 5 in Evocations
 10275 | D:9      | Received a gift from Okawaru
 10690 | D:10     | Entered Level 10 of the Dungeon
 10721 | D:10     | Found a glowing golden altar of the Shining One.
 11551 | D:10     | Found a staircase to the Orcish Mines.
 11945 | D:10     | Reached skill level 1 in Throwing
 11969 | D:10     | Found a stormy altar of Qazlal.
 12034 | D:10     | Reached XP level 12. HP: 92/92 MP: 12/15
 12224 | Lair:1   | Entered Level 1 of the Lair of Beasts
 12741 | Lair:1   | Found a runed translucent gate.
 12742 | Lair:1   | Found a runed translucent gate.
 12743 | Lair:1   | Found a runed translucent gate.
 12814 | Lair:1   | Noticed mdk's ghost (journeyman MiMo)
 12817 | Lair:1   | Found a viscous altar of Jiyva.
 12935 | Lair:1   | Noticed a boulder beetle
 12950 | Lair:1   | Killed a boulder beetle
 13264 | Lair:1   | Reached skill level 11 in Long Blades
 14064 | Lair:1   | Received a gift from Okawaru
 14345 | Lair:2   | Reached skill level 12 in Long Blades
 14614 | Lair:2   | Noticed a six-headed hydra
 14756 | Lair:2   | Killed a six-headed hydra
 14817 | Lair:2   | Noticed a catoblepas
 14834 | Lair:2   | Killed a catoblepas
 14835 | Lair:2   | Reached skill level 13 in Long Blades
 14970 | Lair:2   | Found a staircase to the Snake Pit.
 15317 | Lair:2   | Reached skill level 14 in Long Blades
 15576 | Lair:2   | Received a gift from Okawaru
 15580 | Lair:2   | Identified the +8 longbow "Haczod" {vorpal, Fly Dex+2}
                  | (Okawaru gifted it to you on level 2 of the Lair of Beasts)
 15580 | Lair:2   | Received a gift from Okawaru
 15582 | Lair:2   | Found a staircase to the Swamp.
 15686 | Lair:2   | Reached XP level 13. HP: 80/101 MP: 13/16
 16128 | Lair:3   | Reached skill level 10 in Fighting
 16465 | Lair:3   | Identified the +1 robe of the Lute {rN++ Str+4}
 16532 | Lair:3   | Reached skill level 1 in Transmutations
 16534 | Lair:3   | Received a gift from Okawaru
 16736 | Lair:3   | Noticed Amaemon
 16751 | Lair:3   | Killed Amaemon
 17020 | Lair:3   | Reached skill level 15 in Long Blades
 17040 | Lair:3   | Identified the +1 crystal plate armour "Qicuntad" {rF++
                  | Str-3 Dex-4 Stlth+} (Okawaru gifted it to you on level 3 of
                  | the Lair of Beasts)
 17040 | Lair:3   | Received a gift from Okawaru
 17569 | Lair:4   | Found a dark tunnel.
 17710 | Volcano  | Entered a volcano
 17954 | Volcano  | Received a gift from Okawaru
 17962 | Volcano  | Reached XP level 14. HP: 100/113 MP: 11/19
 18096 | Volcano  | Reached skill level 16 in Long Blades
 18678 | Lair:4   | Reached ****** piety under Okawaru
 18684 | Lair:4   | Received a gift from Okawaru
 18866 | Lair:4   | Found a viscous altar of Jiyva.
 18870 | Lair:4   | Learned a level 2 spell: Sublimation of Blood
 18876 | Lair:4   | Learned a level 5 spell: Irradiate
 18877 | Lair:4   | Found a staircase to the Slime Pits.
 19236 | Lair:4   | Identified the +0 robe of the Flute {Str+7}
 19677 | Lair:5   | Entered Level 5 of the Lair of Beasts
 19693 | Lair:4   | Identified the +2 robe of the Swamp {rPois rN+} (Okawaru
                  | gifted it to you on level 4 of the Lair of Beasts)
 19693 | Lair:4   | Received a gift from Okawaru
 19969 | Lair:3   | Reached skill level 1 in Conjurations
 21245 | Lair:5   | Received a gift from Okawaru
 21430 | Lair:5   | Reached skill level 5 in Transmutations
 21488 | Lair:5   | Learned a level 1 spell: Apportation
 21669 | Lair:5   | Noticed a dire elephant
 21669 | Lair:5   | Noticed a dire elephant
 21669 | Lair:5   | Noticed a dire elephant
 21683 | Lair:5   | Noticed a dire elephant
 22715 | Lair:5   | Received a gift from Okawaru
 22720 | Lair:5   | Reached skill level 1 in Translocations
 22723 | Lair:5   | Reached skill level 15 in Dodging
 22731 | Lair:5   | Reached skill level 1 in Necromancy
 22808 | Lair:5   | Noticed a dire elephant
 23181 | Lair:5   | Killed a dire elephant
 23223 | Lair:5   | Noticed a dire elephant
 23276 | Lair:5   | Killed a dire elephant
 23277 | Lair:5   | Reached XP level 15. HP: 102/120 MP: 14/21
 23513 | Lair:5   | Found the +6 Majin-Bo {vamp, MP+6 Int+6}
 23730 | Lair:5   | Received a gift from Okawaru
 24197 | Orc:1    | Entered Level 1 of the Orcish Mines
 24457 | Orc:2    | Entered Level 2 of the Orcish Mines
 24495 | Orc:2    | Reached skill level 5 in Throwing
 25091 | Orc:2    | Found Xiex's Antique Armour Emporium.
 25113 | Orc:2    | Found Ulideant's Magic Scroll Shop.
 25489 | Orc:2    | Bought a pair of glowing gloves for 277 gold pieces
 25509 | Orc:2    | Bought a scroll of noise for 14 gold pieces
 25509 | Orc:2    | Bought a scroll of torment for 133 gold pieces
 25509 | Orc:2    | Bought a scroll of enchant weapon for 105 gold pieces
 25954 | Orc:2    | Found a staircase to the Elven Halls.
 26210 | Orc:2    | Found Weom's Armour Emporium.
 26210 | Orc:2    | Found Ritoag's Armour Shop.
 26365 | Orc:2    | Bought a +2 cloak of preservation for 344 gold pieces
 26498 | Orc:2    | Bought a bronze ring mail for 333 gold pieces
 26498 | Orc:2    | Identified the +2 ring mail of the Thirteen Spines {Fly
                  | rElec rN+ Int-2} (You bought it in a shop on level 2 of the
                  | Orcish Mines)
 27457 | D:12     | Received a gift from Okawaru
 27557 | D:12     | Identified a scroll of acquirement
 27558 | D:12     | Acquired a +1 triple sword of flaming
 27814 | D:12     | Reached skill level 17 in Long Blades
 28577 | D:13     | Noticed Azrael
 28599 | D:13     | Killed Azrael
 28639 | D:13     | Learned a level 5 spell: Silence
 28842 | D:13     | Reached XP level 16. HP: 118/127 MP: 22/22
 28858 | D:13     | Noticed Kirke
 28877 | D:13     | Killed Kirke
 28877 | D:13     | Received a gift from Okawaru
 29149 | D:13     | Identified the +1 robe of the Cobbler {rElec rF- rC- Str+7}
 29316 | D:13     | Noticed Frances
 29329 | D:13     | Killed Frances
 29541 | D:13     | Found a gate to the Vaults.
 29549 | D:13     | Reached skill level 10 in Transmutations
 30169 | D:14     | Noticed Josephine
 30178 | D:14     | Killed Josephine
 30503 | D:14     | Found a portal to a secret trove of treasure.
 30703 | D:14     | Identified Roxanne's Spellbook of Minerals
 30703 | D:14     | Noticed Roxanne
 30734 | D:14     | Killed Roxanne
 30757 | D:14     | Identified the +4 robe "Pyacruh" {Regen+} (Okawaru gifted
                  | it to you on level 14 of the Dungeon)
 30757 | D:14     | Received a gift from Okawaru
 31052 | D:14     | Noticed Jorgrun
 31069 | D:14     | Killed Jorgrun
 31236 | D:14     | Reached skill level 5 in Spellcasting
 31407 | D:15     | Entered Level 15 of the Dungeon
 31451 | D:15     | Found a transporter.
 31456 | D:15     | Noticed quakins's ghost (journeyman TrTm)
 31845 | D:15     | Found a staircase to the Depths.
 32161 | D:15     | Found a transporter.
 32202 | D:15     | Killed quakins's ghost
 32202 | D:15     | Received a gift from Okawaru
 32203 | D:15     | Gained mutation: You are partially covered in iridescent
                  | scales. (AC +2) [mutagenic glow]
 32431 | D:15     | Reached XP level 17. HP: 135/135 MP: 25/25
 33103 | Swamp:1  | Entered Level 1 of the Swamp
 33121 | Swamp:1  | Reached skill level 18 in Long Blades
 33207 | Swamp:1  | Paralysed by a fenstrider witch for 3 turns
 33213 | Swamp:1  | Received a gift from Okawaru
 34512 | Swamp:3  | Reached skill level 19 in Long Blades
 34830 | Swamp:3  | Received a gift from Okawaru
 34859 | Swamp:3  | Reached skill level 1 in Air Magic
 35158 | Swamp:4  | Entered Level 4 of the Swamp
 35238 | Swamp:4  | Identified the +1 hat "Lurin" {Drain rPois Int+3 Dex+2}
                  | (Okawaru gifted it to you on level 4 of the Swamp)
 35238 | Swamp:4  | Received a gift from Okawaru
 35423 | Swamp:4  | Reached skill level 5 in Hexes
 35567 | Swamp:4  | Reached XP level 18. HP: 125/144 MP: 27/27
 35640 | Swamp:4  | Reached skill level 5 in Conjurations
 35939 | Swamp:4  | Got a decaying rune of Zot
 36138 | Lair:2   | Learned a level 4 spell: Cause Fear
 36144 | Lair:2   | Learned a level 5 spell: Alistair's Intoxication
 36176 | Snake:1  | Entered Level 1 of the Snake Pit
 36254 | Snake:1  | Reached skill level 1 in Poison Magic
 36511 | Snake:1  | Found Nuxoas's General Store.
 36511 | Snake:1  | Found Fofoatut's Antique Armour Emporium.
 36529 | Snake:1  | Bought a shimmering leather armour for 168 gold pieces
 36529 | Snake:1  | Identified the +1 leather armour of Imperfection {Harm rN+
                  | Dex+3} (You bought it in a shop on level 1 of the Snake
                  | Pit)
 36796 | Snake:1  | Noticed Asterion
 36813 | Snake:1  | Killed Asterion
 36904 | Snake:1  | Found Xeptus's Armour Boutique.
 36912 | Snake:1  | Bought a +2 cloak of stealth for 279 gold pieces
 37338 | Snake:2  | Received a gift from Okawaru
 37767 | Snake:2  | Received a gift from Okawaru
 37767 | Snake:2  | Found the +1 robe of Vines {NoPotionHeal Regen++++}
 38718 | Snake:2  | Reached skill level 20 in Long Blades
 38858 | Snake:3  | Identified the +8 hand axe "Alawaont" {protect, rF- Dex+3}
 39028 | Snake:3  | Found Tutotygu's General Store.
 39100 | Snake:3  | Got the Vellum of the Lithosphere
 39105 | Snake:3  | Reached skill level 15 in Transmutations
 39332 | Snake:3  | Found Vaeh's Antique Weapon Boutique.
 39346 | Snake:3  | Noticed Donald
 39361 | Snake:3  | Reached XP level 19. HP: 123/153 MP: 20/29
 39365 | Snake:3  | Killed Donald
 39471 | Snake:3  | Found Lusov's Book Boutique.
 39479 | Snake:3  | Bought Dijor's Catalogue of Poison and Spellbinding for 750
                  | gold pieces
 39486 | Snake:3  | Learned a level 5 spell: Yara's Violent Unravelling
 39699 | Snake:3  | Found Ytaex's Weapon Boutique.
 39748 | Snake:3  | Found Heblofo's General Store.
 39755 | Snake:3  | Bought a scroll of enchant weapon for 127 gold pieces
 39951 | Snake:4  | Entered Level 4 of the Snake Pit
 40074 | Snake:4  | Identified the +5 great sword of Ywkuonotua {flame, rPois}
                  | (Okawaru gifted it to you on level 4 of the Snake Pit)
 40074 | Snake:4  | Received a gift from Okawaru
 40855 | Snake:4  | Identified the +2 shortbow "Caipaoc" {venom, rC+ Dex+2}
 41126 | Snake:4  | Received a gift from Okawaru
 41180 | Snake:4  | Reached skill level 15 in Fighting
 41412 | Snake:4  | Got a serpentine rune of Zot
 42065 | Vaults:1 | Entered Level 1 of the Vaults
 42205 | Vaults:1 | Reached skill level 5 in Air Magic
 42933 | Vaults:1 | Identified the +6 dagger "Ymyddose" {holy, rPois} (Okawaru
                  | gifted it to you on level 1 of the Vaults)
 42933 | Vaults:1 | Received a gift from Okawaru
 43677 | Vaults:1 | Reached XP level 20. HP: 143/162 MP: 31/31
 43905 | Vaults:1 | Identified the +0 buckler of Okawaru's Anger {Harm rN+
                  | Dex+10} (Okawaru gifted it to you on level 1 of the Vaults)
 43905 | Vaults:1 | Received a gift from Okawaru
 44261 | Vaults:2 | Noticed a dread lich
 44281 | Vaults:2 | Killed a dread lich
 44591 | Vaults:2 | Noticed Xtahua
 44612 | Vaults:2 | Killed Xtahua
 44613 | Vaults:2 | Reached skill level 21 in Long Blades
 44715 | Vaults:2 | Found Lydif's Book Boutique.
 45432 | Vaults:2 | Found Erurher's Armour Emporium.
 45480 | Vaults:2 | Noticed Mara
 45493 | Vaults:2 | Killed Mara
 45570 | Vaults:2 | Received a gift from Okawaru
 45665 | Vaults:2 | Found a staircase to the Crypt.
 45665 | Vaults:2 | Found a basalt altar of Yredelemnul.
 45665 | Vaults:2 | Found an ancient bone altar of Kikubaaqudgha.
 46401 | Vaults:3 | Received a gift from Okawaru
 46530 | Vaults:3 | Found Xidul's General Store.
 46685 | Vaults:3 | Identified the +0 pair of boots of the Heavens {Dex+2}
                  | (Okawaru gifted it to you on level 3 of the Vaults)
 46685 | Vaults:3 | Received a gift from Okawaru
 46932 | Vaults:3 | Reached XP level 21. HP: 169/171 MP: 33/33
 47107 | Vaults:3 | Reached skill level 10 in Hexes
 47885 | Vaults:4 | Noticed Boris
 47900 | Vaults:4 | Killed Boris
 48393 | Vaults:4 | Reached skill level 22 in Long Blades
 48457 | Vaults:4 | Identified the ring of Happiness {+Blink rElec rC++ AC+4
                  | Dex-5}
 48567 | Vaults:4 | Received a gift from Okawaru
 48590 | Vaults:4 | Paralysed by a great orb of eyes for 5 turns
 48594 | Vaults:4 | HP: 5/173 [yaktaur (10)]
 48595 | Vaults:4 | Mangled by a deep troll

Illustrated notes

Levels and vault maps discovered:
D:1:      sevenhm_arrival_forest_fort_small_5, layout_basic, serial_shops,
          nicolae_shop_stone
D:2:      layout_loops_ring, chequers_ecumenical_altar_lobes, uniq_natasha
D:3:      layout_loops_ring, kennysheep_okawaru_gauntlet, portal_sewer_entry_b,
          uniq_jessica, uniq_grinder
D:4:      layout_loops_corners, corexii_hall_statues_l, reono_crystal_passage,
          uniq_ijyb, uniq_menkaure, uniq_duvessa
D:5:      layout_cave_pools, serial_shops, shop
D:6:      layout_loops_ring, elyvilon_altar_4, mainiacjoe_overflow_brackets,
          amethyst_overflow_temple_binary, grunt_ministairs_7
D:7:      minmay_the_grid_octo_tiled_squarecenter
          [minmay_the_grid_octo_checkerflower, minmay_the_grid_octo_clover_2,
          minmay_the_grid_octo_horde, minmay_the_grid_octo_pinwheel,
          minmay_the_grid_square_5x5_megaprize_diamond,
          minmay_the_grid_square_5x5_misaligned,
          minmay_the_grid_square_5x5_hourglass,
          minmay_the_grid_square_5x5_two_walls_a,
          minmay_the_grid_square_5x5_trominoes], layout_basic,
          nicolae_overflow_crystal_walls, uniq_maggie, uniq_crazy_yiuf_cottage
D:8:      layout_rooms, amcnicky_altar_gilded, vehumet_altar_wand_db,
          lair_entry_dummy
D:9:      lemuel_insect_pit, layout_grid_maze,
          mainiacjoe_overflow_six_doors_small
D:10:     layout_loops_ring, tso_oasis_becter, nicolae_qazlal_general_emergency,
          erik_orc_2, minmay_unpleasant_kobolds
D:11:     layout_basic
D:12:     layout_roguey, minivault_28
D:13:     layout_rooms, grunt_vaults_entry_tiered, uniq_azrael, uniq_frances,
          uniq_kirke
D:14:     layout_grid_maze, nicolae_trove_entry_free_sample,
          corexii_leaking_fountain, uniq_jorgrun, uniq_josephine, uniq_roxanne
D:15:     grunt_enter_depths_snipers, layout_loops_cross, gammafunk_ghost_arena,
          serial_co_window_serial, co_window_corner_a,
          co_window_of_opportunity_a, co_window_of_opportunity_a,
          co_window_of_opportunity_a, co_window_paths_b, co_window_corner_cb,
          co_window_unsneaky_path_c, co_window_unsneaky_path_d,
          co_window_4corner_b, glass_columns_a, glass_columns_a,
          glass_columns_a, chequers_serial_rivers_micro_e
Temple:   nicolae_temple_bog_church
Lair:1:   layout_big_grid, gammafunk_ghost_ooze, serial_bayou_shore_a,
          wad_woods_river_01
Lair:2:   layout_gridlike, skrybe_swamp_entry_bodies,
          minmay_snake_entry_guardpost_medium, minivault_23
Lair:3:   layout_regular_city, uniq_amaemon
Lair:4:   dragon1_lemuel, layout_cave_pods, minmay_slime_entry_oklob_enclosed,
          nicolae_volcano_entry_hallway, grunt_megastairs_3
Lair:5:   due_jungle_book, layout_big_grid, nicolae_lair_run_with_the_wolves,
          lemuel_fruit_fields, lemuel_fruit_fields
Swamp:1:  layout_basic_swamp, evilmike_swamp_ruin_wall,
          infiniplex_staircase_pool
Swamp:2:  layout_basic_swamp, serial_swamp_ruin, evilmike_swamp_ruin_house_1,
          evilmike_swamp_ruin_house_4, evilmike_swamp_ruin_rubble_1, swamp_pool3
Swamp:3:  layout_falls_marsh, nicolae_swamp_big_swirl, swamp_pool4
Swamp:4:  swamp, layout_basic_swamp, nicolae_swamp_frolicking_bunyips
Snake:1:  layout_misc_corridors, serial_shops, nicolae_diamond_shop,
          minmay_shoptagon, uniq_asterion
Snake:2:  layout_onion_interference, nicolae_snake_salamander_fort
Snake:3:  layout_basic, serial_shops, shop, nicolae_shop_advertising_works
          [nicolae_subvault_shop_adworks], nicolae_shop_hallway_stairs,
          nicolae_shop_behind_doors, shop, lemuel_fruit_tree, uniq_donald
Snake:4:  johnstein_snake_rune_scales, layout_onion, nicolae_triple_integral
Orc:1:    layout_caves, gammafunk_ghost_fury_of_okawaru, guppyfry_orc_lava_fort,
          uniq_sonja
Orc:2:    st_orc_town, layout_caves
Vaults:1: vaults_mumra_lcd, v_rooms_6, v_misc_11, ontoclasm_vaults_ligature,
          nicolae_vaults_c_with_doors, v_misc_32, hangedman_vaults_maws,
          ontoclasm_vaults_loading_screen, ontoclasm_vaults_decontamination,
          ontoclasm_vaults_shuriken, layout_vaults_omnigrid
Vaults:2: vaults_dpeg_spiral, minmay_crypt_entry_necro_gods,
          hangedman_vaults_restitches, ontoclasm_vaults_idyll,
          vaults_room_mumra_shop_pool, nicolae_vaults_inception_scallops,
          st_octagons_2, v_misc_5, nicolae_vaults_asterisk,
          ontoclasm_vaults_pinch, ontoclasm_vaults_loading_screen,
          ontoclasm_vaults_loading_screen, layout_vaults_omnibox,
          serial_hangedman_research, serial_shops, shop, uniq_mara, uniq_xtahua
Vaults:3: hangedman_vaults_river_flow, nicolae_vaults_branching_niches,
          v_misc_4, nicolae_vaults_circle_grid_b, v_misc_5,
          ontoclasm_vaults_twist, nicolae_vaults_ninety_degrees,
          ontoclasm_vaults_gateway, nicolae_vaults_little_squares_5,
          layout_vaults_omnicross, serial_shops, shop
Vaults:4: nicolae_vaults_mini_display_case, vaults_dpeg_encased_lava,
          st_smaller_cells, hangedman_vaults_hat,
          nicolae_vaults_little_squares_4, nicolae_vaults_circle_grid_b,
          nicolae_vaults_what_the_h, vaults_room_pools, vaults_dpeg_ring,
          layout_vaults_chaotic_city, uniq_boris

Skill      XL: |  1  2  3  4  5  6  7  8  9 10 11 12 13 14 15 16 17 18 19 20 21 |
---------------+----------------------------------------------------------------+-----
Ranged Weapons | 2 3 |  3.0
Dodging        | 3 5 6 11 12 13 15 16 17 | 17.7
Fighting       | 2 3 4 5 7 8 9 11 12 13 14 15 16 | 16.9
Evocations     | 2 3 7 8 |  8.0
Hexes          | 4 5 6 8 9 10 | 10.0
Long Blades    | 5 6 7 10 14 15 16 17 19 20 21 22 | 22.0
Invocations    | 1 2 4 5 6 8 |  8.0
Armour         | 2 4 6 7 8 |  8.0
Throwing       | 1 3 4 7 |  7.0
Transmutations | 3 5 9 11 13 15 16 17 | 17.0
Conjurations   | 2 3 4 5 |  5.0
Spellcasting   | 3 4 5 6 7 8 9 |  9.0
Translocations | 1 2 |  2.0
Necromancy     | 1 3 4 |  4.0
Air Magic      | 2 3 5 6 |  6.0
Poison Magic   | 3 4 |  4.0

Action                   |  1- 3 |  4- 6 |  7- 9 | 10-12 | 13-15 | 16-18 | 19-21 || total
-------------------------+-------+-------+-------+-------+-------+-------+-------++-------
Melee: Whip              |    17 |    89 |    43 |       |       |       |       ||   149
       Punch             |     1 |     1 |     3 |    12 |     2 |       |       ||    19
       Tailslap          |       |     4 |       |     7 |       |       |       ||    11
       Falchion          |       |       |    52 |   200 |       |       |       ||   252
       Mace              |       |       |   104 |    26 |    24 |       |       ||   154
       Dagger            |       |       |    10 |    41 |       |       |       ||    51
       Short sword       |       |       |     2 |    58 |       |       |       ||    60
       Morningstar       |       |       |       |    20 |       |       |       ||    20
       Long sword        |       |       |       |   517 |    15 |       |       ||   532
       Great sword       |       |       |       |       |  1063 |       |       ||  1063
       Triple sword      |       |       |       |       |   129 |  1220 |  1059 ||  2408
       Quarterstaff      |       |       |       |       |       |       |     1 ||     1
 Fire: Sling             |    57 |    54 |   114 |     7 |       |       |       ||   232
Throw: Throwing net      |       |     1 |       |       |       |       |       ||     1
       Javelin           |       |       |       |       |    40 |    28 |    15 ||    83
 Cast: Slow              |    10 |     6 |    12 |    14 |     1 |       |       ||    43
       Irradiate         |       |       |       |       |       |    23 |    28 ||    51
       Cause Fear        |       |       |       |       |       |     1 |     3 ||     4
       Alistair's Intoxi |       |       |       |       |       |       |     2 ||     2
       Yara's Violent Un |       |       |       |       |       |       |     1 ||     1
       Silence           |       |       |       |       |       |       |     2 ||     2
Invok: Heroism           |       |       |     6 |    20 |    25 |    22 |    17 ||    90
       Finesse           |       |       |       |     7 |    11 |     6 |     5 ||    29
Evoke: Wand              |       |     5 |     4 |    17 |     3 |     8 |     1 ||    38
       Condenser vane    |       |       |       |     1 |     2 |     1 |       ||     4
       Lightning rod     |       |       |       |     4 |     4 |       |       ||     8
  Use: Scroll            |     1 |     2 |     8 |     9 |    17 |    10 |     5 ||    52
       Potion            |       |       |     2 |       |       |     1 |     1 ||     4
 Stab: Sleeping          |       |       |     1 |     1 |     2 |    11 |     5 ||    20
       Distracted        |       |       |       |     1 |     1 |     1 |       ||     3
       Confused          |       |       |       |       |       |     5 |       ||     5
       Fleeing           |       |       |       |       |       |     1 |       ||     1
Armor: Robe              |     4 |       |       |       |     2 |       |       ||     6
       Ring mail         |     8 |    36 |       |       |       |       |       ||    44
       Troll leather arm |       |     1 |    65 |     1 |       |       |       ||    67
       Acid dragon scale |       |       |       |    90 |   360 |   344 |   237 ||  1031
       Chain mail        |       |       |       |   242 |       |       |       ||   242
       Scale mail        |       |       |       |       |     2 |       |       ||     2
Dodge: Dodged            |    21 |    73 |   167 |   561 |  1323 |  1719 |  1189 ||  5053
       Repelled          |       |       |       |       |       |    27 |    19 ||    46
Block: Other             |       |       |       |       |    90 |    64 |       ||   154
       Reflection        |       |       |       |       |     1 |       |       ||     1
